TOP OF THE 1ST |
---|
Blueville 83's batting - Pitching for Birmingham Barons : RHP Michael Young | Pitching: RHP Michael Young | | Batting: RHB Kuniaki Kawashima | 0-0: Ball 1-0: Ball 2-0: SINGLE (Line Drive, 7LS) | Batting: RHB Daryl Floyd | 0-0: Ball 1-0: Ball 2-0: Fly out, F8 (Flyball, 78XD) | Batting: RHB Eric Johnson | 0-0: Called Strike 0-1: Called Strike 0-2: Fly out, F4 (Flyball, 34D) | Batting: LHB Brent Alonzo | 0-0: Ball 1-0: Fly out, F7 (Flyball, 7LM) | Top of the 1st over - 0 runs, 1 hit, 0 errors, 1 left on base; Blueville 0 - Birmingham 0 | BOTTOM OF THE 1ST |
---|
Birmingham Barons batting - Pitching for Blueville 83's : LHP William Watson | Pitching: LHP William Watson | | Batting: RHB Warren Martin | 0-0: Ball 1-0: Foul Ball, location: 2F 1-1: Ball 2-1: Ball 3-1: Foul Ball, location: 2F 3-2: Foul Ball, location: 2F 3-2: SINGLE (Line Drive, 6MD) | Batting: RHB Carlos Vásquez | 0-0: Ball 1-0: Ball 2-0: Called Strike 2-1: Called Strike 2-2: TRIPLE (Flyball, 89XD) Warren Martin scores | Batting: LHB Al Gaines | 0-0: Called Strike 0-1: Ball 1-1: Ball 2-1: Ball 3-1: Foul Ball, location: 2F 3-2: Foul Ball, location: 2F 3-2: Base on Balls | Batting: RHB Bryant von Bohlen | 0-0: Ball Al Gaines is caught stealing 2nd base 1-0: Called Strike 1-1: Ball 2-1: Ground out 4-3 (Groundball, 34D) Carlos Vásquez scores | Batting: RHB José Montoya | 0-0: Ball 1-0: Ball 2-0: Called Strike 2-1: Ball 3-1: Foul Ball, location: 2F 3-2: Base on Balls | Batting: LHB José Rivera | 0-0: Called Strike 0-1: Ball 1-1: Foul Ball, location: 2F 1-2: Foul Ball, location: 2F 1-2: SINGLE (Line Drive, 6M) José Montoya to second | Batting: SHB Orlando Aguilar | 0-0: Ball 1-0: Foul Ball, location: 2F 1-1: Ball 2-1: Foul Ball, location: 2F 2-2: Ball 3-2: SINGLE (Groundball, 6MD) José Montoya to third José Rivera to second José Montoya scores José Rivera to third | Batting: LHB Alberto Santos | 0-0: Ball 1-0: Called Strike 1-1: Ball 2-1: Ball 3-1: Foul Ball, location: 2F 3-2: Foul Ball, location: 2F 3-2: Strikes out swinging | Bottom of the 1st over - 3 runs, 4 hits, 0 errors, 2 left on base; Blueville 0 - Birmingham 3 | TOP OF THE 2ND |
---|
Blueville 83's batting - Pitching for Birmingham Barons : RHP Michael Young | Batting: RHB Matt Perkins | 0-0: SINGLE (Line Drive, 6MD) | Batting: LHB Lorenzo Quintanilla | 0-0: Ball 1-0: Called Strike 1-1: Ball 2-1: Ball 3-1: Base on Balls Matt Perkins to second | Batting: SHB Joe Emery | 0-0: Ball 1-0: Ball 2-0: Ball 3-0: Called Strike 3-1: Base on Balls Matt Perkins to third Lorenzo Quintanilla to second | Batting: RHB Barton Frazier | 0-0: Ball 1-0: Foul Ball, location: 2F 1-1: Swinging Strike 1-2: Foul Ball, location: 2F 1-2: Strikes out swinging | Batting: RHB Alberto Campos | 0-0: Ball 1-0: Fly out, F5 (Line Drive, 56) | Batting: RHB Kuniaki Kawashima | 0-0: Ball 1-0: Swinging Strike 1-1: Fielders Choice at 2nd, 5-4 (Groundball, 5) | Top of the 2nd over - 0 runs, 1 hit, 0 errors, 3 left on base; Blueville 0 - Birmingham 3 | BOTTOM OF THE 2ND |
---|
Birmingham Barons batting - Pitching for Blueville 83's : LHP William Watson | Batting: LHB John Haney | 0-0: Foul Ball, location: 2F 0-1: Foul Ball, location: 2F 0-2: Strikes out swinging | Batting: RHB Warren Martin | 0-0: Ball 1-0: Swinging Strike 1-1: Ball 2-1: Ground out 6-3 (Groundball, 6) | Batting: RHB Carlos Vásquez | 0-0: Ball 1-0: Ground out 6-3 (Groundball, 56D) | Bottom of the 2nd over - 0 runs, 0 hits, 0 errors, 0 left on base; Blueville 0 - Birmingham 3 | TOP OF THE 3RD |
---|
Blueville 83's batting - Pitching for Birmingham Barons : RHP Michael Young | Batting: RHB Daryl Floyd | 0-0: Ball 1-0: Swinging Strike 1-1: Ball 2-1: Swinging Strike 2-2: Strikes out swinging | Batting: RHB Eric Johnson | 0-0: Called Strike 0-1: Fly out, F9 (Flyball, 9LD) | Batting: LHB Brent Alonzo | 0-0: Called Strike 0-1: Ball 1-1: Ball 2-1: Swinging Strike 2-2: Ball 3-2: Strikes out swinging | Top of the 3rd over - 0 runs, 0 hits, 0 errors, 0 left on base; Blueville 0 - Birmingham 3 | BOTTOM OF THE 3RD |
---|
Birmingham Barons batting - Pitching for Blueville 83's : LHP William Watson | Batting: LHB Al Gaines | 0-0: Ground out 4-3 (Groundball, 4) | Batting: RHB Bryant von Bohlen | 0-0: Ball 1-0: Ball 2-0: Foul Ball, location: 2F 2-1: Called Strike 2-2: Ball 3-2: Strikes out swinging | Batting: RHB José Montoya | 0-0: Called Strike 0-1: Foul Ball, location: 2F 0-2: Strikes out swinging | Bottom of the 3rd over - 0 runs, 0 hits, 0 errors, 0 left on base; Blueville 0 - Birmingham 3 | TOP OF THE 4TH |
---|
Blueville 83's batting - Pitching for Birmingham Barons : RHP Michael Young | Batting: RHB Matt Perkins | 0-0: Called Strike 0-1: Foul Ball, location: 2F 0-2: Ball 1-2: Ground out 6-3 (Groundball, 56D) | Batting: LHB Lorenzo Quintanilla | 0-0: Ball 1-0: Foul Ball, location: 2F 1-1: Ball 2-1: Swinging Strike 2-2: Ball 3-2: Base on Balls | Batting: SHB Joe Emery | 0-0: Called Strike 0-1: Fly out, F7 (Flyball, 78S) | Batting: RHB Barton Frazier | 0-0: Ball 1-0: Ball 2-0: Called Strike 2-1: SINGLE (Groundball, 56) (infield hit) Lorenzo Quintanilla to second | Batting: RHB Alberto Campos | 0-0: Swinging Strike 0-1: Foul Ball, location: 2F 0-2: Foul Ball, location: 2F 0-2: Ball 1-2: Hit by Pitch Lorenzo Quintanilla to third Barton Frazier to second | Batting: RHB Kuniaki Kawashima | 0-0: Ball 1-0: Ball 2-0: Foul Ball, location: 2F 2-1: Ball 3-1: Foul Ball, location: 2F 3-2: Foul Ball, location: 2F 3-2: Base on Balls Lorenzo Quintanilla scores Barton Frazier to third Alberto Campos to second | Batting: RHB Daryl Floyd | 0-0: Foul Ball, location: 2F 0-1: Ball 1-1: Foul Ball, location: 2F 1-2: Fly out, F9 (Flyball, 9D) | Top of the 4th over - 1 run, 1 hit, 0 errors, 3 left on base; Blueville 1 - Birmingham 3 | BOTTOM OF THE 4TH |
---|
Birmingham Barons batting - Pitching for Blueville 83's : LHP William Watson | Batting: LHB José Rivera | 0-0: Called Strike 0-1: DOUBLE (Line Drive, 7LD) | Batting: SHB Orlando Aguilar | 0-0: Ball 1-0: Swinging Strike 1-1: Called Strike 1-2: Strikes out swinging | Batting: LHB Alberto Santos | 0-0: Ball 1-0: Called Strike 1-1: Ball 2-1: Ball 3-1: Reached on error, E5 (Groundball, 56S) José Rivera scores | Batting: LHB John Haney | 0-0: Ball 1-0: Foul Ball, location: 2F 1-1: Ball 2-1: Called Strike 2-2: Ball 3-2: Strikes out swinging | Batting: RHB Warren Martin | 0-0: Ball 1-0: Called Strike 1-1: Reached via error on a dropped throw, E1 Alberto Santos to third | Batting: RHB Carlos Vásquez | 0-0: Ball 1-0: Ball 2-0: Ball 3-0: Called Strike 3-1: DOUBLE (Groundball, 5L) Alberto Santos scores Warren Martin to third Runner from 3rd tries for Home, SAFE, no throw | Batting: LHB Al Gaines | 0-0: Foul Ball, location: 2F 0-1: DOUBLE (Line Drive, 89D) Carlos Vásquez scores | Pitching: RHP Ray Watkins | | Batting: RHB Bryant von Bohlen | 0-0: Ball 1-0: Ball 2-0: SINGLE (Groundball, 15S) (infield hit) Al Gaines to third | Batting: RHB José Montoya | 0-0: Fielders Choice at 2nd, 6-4 (Groundball, 56) | Bottom of the 4th over - 4 runs, 4 hits, 2 errors, 2 left on base; Blueville 1 - Birmingham 7 | TOP OF THE 5TH |
---|
Blueville 83's batting - Pitching for Birmingham Barons : RHP Michael Young | Batting: RHB Eric Johnson | 0-0: Called Strike 0-1: Ball 1-1: Fly out, F9 (Line Drive, 9) | Batting: LHB Brent Alonzo | 0-0: Foul Ball, location: 2F 0-1: Ball 1-1: Ball 2-1: Swinging Strike 2-2: Fly out, F6 (Popup, 6MD) | Batting: RHB Matt Perkins | 0-0: Ball 1-0: Called Strike 1-1: Ball 2-1: SINGLE (Line Drive, 9S) | Batting: LHB Lorenzo Quintanilla | 0-0: Foul Ball, location: 2F 0-1: Ball 1-1: Foul Ball, location: 2F 1-2: DOUBLE (Line Drive, 8LD) Matt Perkins to third Runner from 3rd tries for Home, SAFE, no throw | Batting: SHB Joe Emery | 0-0: Foul Ball, location: 2F 0-1: Ball 1-1: Ball 2-1: TRIPLE (Flyball, 78XD) Lorenzo Quintanilla scores | Pitching: LHP Richard Simpson | | Batting: RHB Barton Frazier | 0-0: Called Strike 0-1: Ball 1-1: Foul Ball, location: 2F 1-2: 2-RUN HOME RUN (Flyball, 7LD), Distance : 349 ft | Batting: RHB Alberto Campos | 0-0: Ball 1-0: Called Strike 1-1: Foul Ball, location: 2F 1-2: SOLO HOME RUN (Flyball, 9D), Distance : 354 ft | Batting: RHB Kuniaki Kawashima | 0-0: Called Strike 0-1: Fly out, F8 (Flyball, 8LM) | Top of the 5th over - 5 runs, 5 hits, 0 errors, 0 left on base; Blueville 6 - Birmingham 7 | BOTTOM OF THE 5TH |
---|
Birmingham Barons batting - Pitching for Blueville 83's : RHP Ray Watkins | Batting: LHB José Rivera | 0-0: Fly out, F9 (Line Drive, 89M) | Batting: SHB Orlando Aguilar | 0-0: Ball 1-0: Ball 2-0: Ball 3-0: Called Strike 3-1: Base on Balls | Batting: LHB Alberto Santos | 0-0: Ball 1-0: Swinging Strike 1-1: Foul Ball, location: 2F 1-2: Ball 2-2: Ball 3-2: SINGLE (Flyball, 9LS) Orlando Aguilar to second Runner from 2nd tries for 3rd, SAFE, no throw | Batting: LHB John Haney | 0-0: Ball 1-0: Ball 2-0: Ball 3-0: Called Strike 3-1: Fielders Choice at 2nd, 1-6 (Groundball, P) | Batting: RHB Warren Martin | 0-0: Foul Ball, location: 2F 0-1: Ball 1-1: Ball 2-1: Called Strike 2-2: Ball 3-2: Base on Balls John Haney to second | Batting: RHB Carlos Vásquez | 0-0: Ball 1-0: Foul Ball, location: 2F 1-1: Ball 2-1: Ball 3-1: Foul Ball, location: 2F 3-2: Fly out, F7 (Flyball, 7S) | Bottom of the 5th over - 0 runs, 1 hit, 0 errors, 3 left on base; Blueville 6 - Birmingham 7 | TOP OF THE 6TH |
---|
Blueville 83's batting - Pitching for Birmingham Barons : LHP Richard Simpson | Batting: RHB Daryl Floyd | 0-0: Foul Ball, location: 2F 0-1: Swinging Strike 0-2: Strikes out swinging | Batting: RHB Eric Johnson | 0-0: Foul Ball, location: 2F 0-1: Called Strike 0-2: Strikes out swinging | Batting: LHB Brent Alonzo | 0-0: Ball 1-0: DOUBLE (Line Drive, 89D) | Batting: RHB Matt Perkins | 0-0: Called Strike 0-1: Ball 1-1: Ball 2-1: Ball 3-1: DOUBLE (Groundball, 5L) Brent Alonzo scores | Batting: LHB Lorenzo Quintanilla | 0-0: Swinging Strike 0-1: Ball 1-1: Swinging Strike 1-2: Foul Ball, location: 2F 1-2: Fly out, F9 (Flyball, 9LM) | Top of the 6th over - 1 run, 2 hits, 0 errors, 1 left on base; Blueville 7 - Birmingham 7 | BOTTOM OF THE 6TH |
---|
Birmingham Barons batting - Pitching for Blueville 83's : RHP Ray Watkins | Batting: LHB Al Gaines | 0-0: Ball 1-0: Called Strike 1-1: Called Strike 1-2: Strikes out swinging | Batting: RHB Bryant von Bohlen | 0-0: Called Strike 0-1: Ground out 1-3 (Groundball, 13S) | Batting: RHB José Montoya | 0-0: Ball 1-0: Called Strike 1-1: Foul Ball, location: 2F 1-2: Ball 2-2: Foul Ball, location: 2F 2-2: Foul Ball, location: 2F 2-2: Ball 3-2: Fly out, F5 (Flyball, 5D) | Bottom of the 6th over - 0 runs, 0 hits, 0 errors, 0 left on base; Blueville 7 - Birmingham 7 | TOP OF THE 7TH |
---|
Blueville 83's batting - Pitching for Birmingham Barons : LHP Richard Simpson | Batting: SHB Joe Emery | 0-0: Ball 1-0: Ball 2-0: Foul Ball, location: 2F 2-1: Ball 3-1: Base on Balls | Batting: RHB Barton Frazier | 0-0: Sac Bunt - play at first, batter OUT! 5-4 Joe Emery to second | Batting: RHB Alberto Campos | 0-0: Intentional Walk | Batting: RHB Kuniaki Kawashima | 0-0: Ball 1-0: Swinging Strike 1-1: Ball 2-1: Ball 3-1: Base on Balls Joe Emery to third Alberto Campos to second | Batting: RHB Daryl Floyd | 0-0: SINGLE (Groundball, 56D) Joe Emery scores Alberto Campos to third Kuniaki Kawashima to second | Batting: RHB Eric Johnson | 0-0: Ball 1-0: Ball 2-0: Ball 3-0: Base on Balls Alberto Campos scores Kuniaki Kawashima to third Daryl Floyd to second | Pinch Hitting: RHB Ángel Garza | 0-0: Fly out, F9 (Flyball, 9S) | Batting: RHB Matt Perkins | 0-0: Ball 1-0: Called Strike 1-1: Swinging Strike 1-2: Ball 2-2: Foul Ball, location: 2F 2-2: Foul Ball, location: 2F 2-2: SINGLE (Groundball, 6MD) Kuniaki Kawashima scores Daryl Floyd to third Eric Johnson to second Runner from 3rd tries for Home, SAFE, no throw | Batting: LHB Lorenzo Quintanilla | 0-0: Ball 1-0: Ball 2-0: Ball 3-0: Base on Balls Eric Johnson to third Matt Perkins to second | Batting: SHB Joe Emery | 0-0: Fly out, F6 (Popup, 4MS) | Top of the 7th over - 4 runs, 2 hits, 0 errors, 3 left on base; Blueville 11 - Birmingham 7 | BOTTOM OF THE 7TH |
---|
Birmingham Barons batting - Pitching for Blueville 83's : RHP Ray Watkins | Now at 3B: Ángel Garza | | Batting: LHB José Rivera | 0-0: Ball 1-0: Ball 2-0: Foul Ball, location: 2F 2-1: Swinging Strike 2-2: Ball 3-2: Foul Ball, location: 2F 3-2: Base on Balls | Pitching: LHP León Hernández | | Batting: SHB Orlando Aguilar | 0-0: Ball 1-0: Ball 2-0: Fly out, F7 (Flyball, 7S) | Batting: LHB Alberto Santos | 0-0: Ball 1-0: Foul Ball, location: 2F 1-1: Ball 2-1: Ground out 4-3 (Groundball, 34) José Rivera to second | Batting: LHB John Haney | 0-0: Ball 1-0: Swinging Strike 1-1: Foul Ball, location: 2F 1-2: Foul Ball, location: 2F 1-2: Strikes out swinging | Bottom of the 7th over - 0 runs, 0 hits, 0 errors, 1 left on base; Blueville 11 - Birmingham 7 | TOP OF THE 8TH |
---|
Blueville 83's batting - Pitching for Birmingham Barons : LHP Richard Simpson | Batting: RHB Barton Frazier | 0-0: Called Strike 0-1: Ball 1-1: Ball 2-1: SINGLE (Groundball, 56D) | Pitching: RHP Guillermo Lozano | | Batting: RHB Alberto Campos | 0-0: Bunted foul 0-1: Bunted foul 0-2: Strikes out swinging Barton Frazier steals 2nd base Batter strikes out. | Batting: RHB Kuniaki Kawashima | 0-0: Ball 1-0: Ball 2-0: Ground out U3 (Groundball, 3) Barton Frazier to third | Batting: RHB Daryl Floyd | 0-0: Called Strike 0-1: Called Strike 0-2: Ball 1-2: DOUBLE (Flyball, 8LXD) Barton Frazier scores | Batting: RHB Eric Johnson | 0-0: Ball 1-0: Ball 2-0: Ball 3-0: Called Strike 3-1: Foul Ball, location: 2F 3-2: Base on Balls | Batting: RHB Ángel Garza | 0-0: Ground out 4-3 (Groundball, 4) | Top of the 8th over - 1 run, 2 hits, 0 errors, 2 left on base; Blueville 12 - Birmingham 7 | BOTTOM OF THE 8TH |
---|
Birmingham Barons batting - Pitching for Blueville 83's : LHP León Hernández | Batting: RHB Warren Martin | 0-0: Ball 1-0: Fly out, F7 (Flyball, 7S) | Batting: RHB Carlos Vásquez | 0-0: Ball 1-0: Swinging Strike 1-1: Ball 2-1: TRIPLE (Flyball, 8RXD) | Pinch Runner at 3rd Dave Dawson: | | Batting: LHB Al Gaines | 0-0: Ground out 1-3 (Groundball, P) | Batting: RHB Bryant von Bohlen | 0-0: Called Strike 0-1: Called Strike 0-2: Foul Ball, location: 2F 0-2: Ball 1-2: Ball 2-2: Strikes out looking | Bottom of the 8th over - 0 runs, 1 hit, 0 errors, 1 left on base; Blueville 12 - Birmingham 7 | TOP OF THE 9TH |
---|
Blueville 83's batting - Pitching for Birmingham Barons : RHP Guillermo Lozano | Now at SS: Dave Dawson | | Batting: RHB Matt Perkins | 0-0: Ball 1-0: Ball 2-0: Ball 3-0: Called Strike 3-1: Ground out 6-3 (Groundball, 6) | Batting: LHB Lorenzo Quintanilla | 0-0: Ball 1-0: Ball 2-0: Ball 3-0: Base on Balls | Batting: SHB Joe Emery | 0-0: Foul Ball, location: 2F 0-1: Ground out U3 (Groundball, 3) Lorenzo Quintanilla to second | Batting: RHB Barton Frazier | 0-0: Ball 1-0: SINGLE (Groundball, 34D) Lorenzo Quintanilla to third | Batting: RHB Alberto Campos | 0-0: Foul Ball, location: 2F 0-1: Ball 1-1: Called Strike 1-2: Foul Ball, location: 2F 1-2: Strikes out swinging | Top of the 9th over - 0 runs, 1 hit, 0 errors, 2 left on base; Blueville 12 - Birmingham 7 | BOTTOM OF THE 9TH |
---|
Birmingham Barons batting - Pitching for Blueville 83's : LHP León Hernández | Batting: RHB José Montoya | 0-0: Ball 1-0: Foul Ball, location: 2F 1-1: Foul Ball, location: 2F 1-2: Ball 2-2: Strikes out swinging | Batting: LHB José Rivera | 0-0: Called Strike 0-1: SINGLE (Line Drive, 9LM) | Batting: SHB Orlando Aguilar | 0-0: Swinging Strike 0-1: Ball 1-1: Fly out, F8 (Flyball, 8RD) | Batting: LHB Alberto Santos | 0-0: Fly out, F8 (Flyball, 8LD) | Bottom of the 9th over - 0 runs, 1 hit, 0 errors, 1 left on base; Blueville 12 - Birmingham 7 | |